← All builds
Suicide front / Cortex / Economy first / OBSERVED BUILD

Standard suicide front

Cortex Suicide front build order · Supreme Isthmus

The role's baseline economy-first play: fast Bot Lab, early Advanced Metal Extractor, and a Thug/Grunt/Aggravator mix pushed to hold the middle while teching up.

#raid #push · 1050 distinct matches · 184 players · 73% of Cortex Suicide front games · team won 57% of 1119 · Recently observed

HOW TO PLAY IT

Key timing: Bot Lab by 0:39

  1. Open 3 mex, then rush Bot Lab almost immediately.
  2. Finish Bot Lab and start pushing Thug, Grunt, Aggravator.
  3. Send units straight to middle to contest and stop leaks.
  4. Eat the Bot Lab for metal if 32% of games reach that point.
  5. Transition into Advanced Metal Extractor once middle is stable.

Phase by phase

TYPICAL OF ITS 1050 GAMES
  1. 1
  2. 2
  3. 3
PLAY THE OPENING

Follow the example game's first 6:00 step by step: what to build now, what comes next, and where it goes. At 1× it keeps pace with your own game.

  1. 1

    Up to the Bot Lab

    Economy
    • Metal Extractor2Mex
    Order
    1. Bot LabBot Lab after 2 mexdone ~0:37, middle half 0:27–0:45

    By 0:21 in all: 2 mex

    The example game in this phase · 2 steps
    1. Mex
    2. Bot LabBot Labdone 0:27 · typical 0:37
  2. 2

    Bot Lab to 5:00

    Economy
    • Metal Extractor3Mex
    • Wind Turbine2Wind
    Builders
    • Graverobber4 Graverobber
    • Construction Bot3 Con bot
    Army
    • Guard3 Guard
    • Thug16 Thug
    • Grunt3 Grunt
    Other
    • Radar Tower1 Radar Tower

    Some games also: aggravator (38%) · con turret (30%)

    By 5:00 in all: 5 mex · 3 wind

    The example game in this phase · 29 steps
    1. GraverobberGraverobber
    2. GruntGrunt ×5
    3. GraverobberGraverobber
    4. Construction BotCon bot
    5. ThugThug ×4
    6. Mex
    7. ThugThug
    8. Construction BotCon bot
    9. Mex
    10. ThugThug ×2
    11. Mex ×2
    12. ThugThug
    13. Radar TowerRadar Tower
    14. ThugThug ×2
    15. Construction BotCon bot
    16. GuardGuard
    17. ThugThug
    18. GuardGuard
    19. ThugThug ×2
    20. GuardGuard
    21. ThugThug ×2
    22. Wind
    23. Construction BotCon bot
    24. ThugThug
    25. Wind
    26. ThugThug ×3
    27. Wind
    28. ThugThug ×3
    29. Wind
  3. 3

    5:00 to 10:00

    Economy
    • Metal Extractor1Mex
    • Wind Turbine12Wind
    Builders
    • Construction Turret1 Con turret
    • Graverobber3 Graverobber
    • Construction Bot1 Con bot
    Army
    • Guard1 Guard
    • Thug11 Thug
    • Grunt1 Grunt

    Some games also: aggravator (42%) · Radar Tower (39%) · energy storage (37%) · Twin Guard (31%)

    By 10:00 in all: 6 mex · 16 wind · 2 con turret

    The example game in this phase · 78 steps
    1. ThugThug ×2
    2. Wind
    3. ThugThug ×3
    4. Twin GuardTwin Guard
    5. Wind
    6. ThugThug ×2
    7. Wind
    8. ThugThug ×2
    9. Wind
    10. ThugThug
    11. Twin GuardTwin Guard
    12. ThugThug
    13. Wind
    14. GraverobberGraverobber ×2
    15. Wind
    16. Twin GuardTwin Guard
    17. GraverobberGraverobber ×2
    18. Wind
    19. GraverobberGraverobber
    20. Twin GuardTwin Guard
    21. ThistleThistle
    22. ThugThug
    23. Mex
    24. Wind
    25. ThistleThistle ×4
    26. ThugThug ×2
    27. Wind
    28. Con turret
    29. ThugThug
    30. Wind
    31. ThugThug
    32. Con turret
    33. Wind
    34. ThugThug ×4
    35. Wind
    36. ThugThug ×5
    37. Wind
    38. ThugThug ×3
    39. ThistleThistle
    40. ThugThug ×2
    41. ThistleThistle
    42. Wind
    43. ThugThug ×3
    44. Twin GuardTwin Guard
    45. ThugThug
    46. Wind
    47. ThugThug ×2
    48. Wind
    49. Advanced Metal ExtractorT2 mexdone 12:42 · typical 9:59
    50. GruntGrunt ×3
    51. Wind
    52. GruntGrunt
    53. PersecutorPersecutordone 13:13
    54. GruntGrunt
    55. Wind
    56. GruntGrunt ×3
    57. Wind
    58. GruntGrunt
    59. ThugThug
    60. Wind
    61. Advanced Metal ExtractorT2 mex
    62. Wind ×2
    63. Twin GuardTwin Guard
    64. Advanced Metal ExtractorT2 mexdone 14:39
    65. Wind ×2
    66. ThugThug
    67. Wind
    68. ThugThug
    69. Advanced Metal ExtractorT2 mex
    70. ThugThug
    71. Wind
    72. Twin GuardTwin Guard
    73. Wind
    74. Twin GuardTwin Guard
    75. Wind ×2
    76. ShroudShroud
    77. ThugThug
    78. Wind

Counts are medians over the build's games: half of them build more, half fewer. The example game is Sarge6194's (33 OS, 04/10/2026); pick another.

Team trades

IN AT LEAST 30% OF ITS GAMES

You hand over

Nothing regular.

You get

  • Tidal Generator4 Tidal from Pondfirst at 0:11 · in 69% of games
  • Advanced Construction Bot1 T2 con bot from Geo or Techfirst at 7:45 · in 55% of games

How it plays out

Typical game of this build, running totals by minute

Metal produced

010k20k
0:005:0010:0015:00

metal

Enemy metal destroyed

05k10k
0:005:0010:0015:00

metal

Own metal lost

05k10k
0:005:0010:0015:00

metal

1119 games.

Show as table
ByMetal produced: This buildEnemy metal destroyed: This buildOwn metal lost: This build
1:0033000
2:0094400
3:002036216172
4:003125732630
5:00427815401402
6:00546125052338
7:00663636153317
8:00782645594355
9:00894052905260
10:001020559976154
11:001156865526943
12:001314070167723
13:001475277528382
14:001638483308916
15:001778589619568
WHAT THE NUMBERS SAY

This baseline wins more often than most other roles' standard builds, with early aggression showing in high kills and losses alike.

  • + Team wins 54% of games, best winrate among the roles shown.
  • + First kill lands very early at 2:07 in all games.
  • − Own metal lost is heavy early, 1439 by 5:00.
  • − Enemy destroyed stays close to own losses through 15:00, a costly front.
THE EXAMPLE YOU ARE READING

Sarge6194

32.9 OS · 04/10/2026

Open source match ↗

6 received units · includes a constructor
505 metal received · 13347 energy received

Allied construction assistance is unknown. Timings are observations, not a promise of solo reproducibility.

Typical milestones

Bot Lab0:37Middle 50%: 0:27–0:45 · n=1113
Advanced Metal Extractor9:59Middle 50%: 8:59–11:14 · n=699

Played most by

XXMACGAMERXX135games of this build_Hawkey_70games of this build_X_61games of this buildrealisticjo52games of this buildAbyssFalcon46games of this build